 Dungeon Crawl Stone Soup version 0.27.0-1-g7a089689b8 (webtiles) character file.

Game seed: 18380893239273402032

259 sasquatch the Conjurer (level 5, 0/28 HPs)
             Began as a Deep Elf Conjurer on Aug 1, 2021.
             Blown up by Ijyb (28 damage)
             ... with a mindburst bolt
             ... on level 3 of the Dungeon.
             The game lasted 00:10:14 (2801 turns).

sasquatch the Conjurer (Deep Elf Conjurer)          Turns: 2801, Time: 00:10:14

Health: 0/28       AC:  4    Str:  4    XL:     5   Next: 94%
Magic:  6/14       EV: 12    Int: 24    God:
Gold:   98         SH:  0    Dex: 13    Spells: 0/14 levels left

rFire    . . .     SeeInvis .   h - +2 dagger (drain)
rCold    + . .     Faith    .   (no shield)
rNeg     . . .     Spirit   .   a - +0 robe
rPois    .         Reflect  .   b - +0 helmet
rElec    .         Harm     .   (no cloak)
rCorr    .         Rampage  .   (no gloves)
Will     .....                  o - +0 pair of boots
Stlth    ++........             (no amulet)
HPRegen  0.09/turn              r - ring of protection from cold
MPRegen  0.14/turn              (no ring)

@: no status effects
A: no striking features
a: no special abilities


You were on level 3 of the Dungeon.
You visited 1 branch of the dungeon, and saw 3 of its levels.

You collected 98 gold pieces.

Inventory:

Hand Weapons
 h - a +2 dagger of draining (weapon)
Missiles
 q - 8 atropa-tipped darts
Armour
 a - a +0 robe (worn)
 b - a +0 helmet (worn)
 o - a +0 pair of boots (worn)
Jewellery
 r - a ring of protection from cold (left hand)
Wands
 p - a wand of polymorph (12)
Scrolls
 c - a scroll of acquirement {unknown}
 g - a scroll of teleportation {unknown}
 k - a scroll of enchant armour {unknown}
 l - a scroll of fear {unknown}
 m - a scroll of holy word {unknown}
 s - a scroll of noise {unknown}
Potions
 d - a potion of magic {unknown}
 e - a potion of cancellation {unknown}
 f - a potion of might {unknown}
 i - a potion of mutation {unknown}
 j - a potion of lignification {unknown}
 n - 2 potions of curing {unknown}


   Skills:
 - Level 2.4 Dodging
 - Level 2.4 Stealth
 + Level 5.3 Spellcasting
 * Level 7.0 Conjurations


You couldn't memorise any spells.
You knew the following spells:

 Your Spells              Type           Power      Damage    Failure   Level
a - Magic Dart            Conj           100%       1d8       1%          1
b - Searing Ray           Conj           80%        3d6       1%          2
c - Dazzling Flash        Conj/Hex       46%        N/A       6%          3
d - Fulminant Prism       Conj/Hex       11%        3d9       21%         4
e - Iskenderun's Mystic   Conj/Tloc      23%        2d6       21%         4

Your spell library contained the following spells:

 Spells                   Type           Power      Damage    Failure   Level
 Call Canine Familiar     Summ           6%         N/A       26%         3
 Portal Projectile        Hex/Tloc       12%        N/A       26%         3
 Fireball                 Conj/Fire      11%        3d7       50%         5
 Irradiate                Conj/Tmut      11%        3d17      50%         5
 Leda's Liquefaction      Hex/Erth       3%         N/A       63%         4
 Spellforged Servitor     Conj/Summ      11%        N/A       100%        7


Dungeon Overview and Level Annotations

Branches:
Dungeon (3/15)

Altars:
Fedhas

Annotations:
D:3 2 transporters, Ijyb


Message History

The magic dart hits the jackal but does no damage.
The jackal is severely wounded.
The jackal barely misses you.
Your magical contamination has completely faded away.
Aiming: Magic Dart (safe; 1% risk of failure)
Press: ? - help, Q - select action, (/) - cycle Shift-Dir - straight line, f/p - jackal
Aim: a jackal (severely wounded, 100% to hit)
The magic dart hits the jackal.
You kill the jackal!
Found a stone staircase leading down.
There is a stone staircase leading down here.
Found a stone staircase leading up.
Ijyb the Twisted Goblin comes into view.
She is wielding a +0 dagger and carrying a wand of mindburst (9).
Aiming: Magic Dart (safe; 1% risk of failure)
Press: ? - help, Q - select action, (/) - cycle Shift-Dir - straight line, f - Ijyb
Aim: Ijyb, wielding a +0 dagger, wearing a +0 leather armour and carrying a wand of mindburst (9) (asleep, 100% to hit)
The magic dart hits Ijyb but does no damage.
Aiming: Magic Dart (safe; 1% risk of failure)
Press: ? - help, Q - select action, (/) - cycle Shift-Dir - straight line, f/p - Ijyb
Aim: Ijyb, wielding a +0 dagger, wearing a +0 leather armour and carrying a wand of mindburst (9) (100% to hit)
The magic dart hits Ijyb.
Ijyb is lightly wounded.
Casting: Magic Dart (safe; 1% risk of failure)
Confirm with . or Enter, or press ? or * to list all spells.
Aiming: Searing Ray (safe; 1% risk of failure)
Press: ? - help, Shift-Dir - straight line (Press . to maintain the ray.)
The searing ray misses Ijyb.
You finish channeling your searing ray.
Ijyb zaps a wand.
You struggle to resist.
Casting: Searing Ray (safe; 1% risk of failure)
Confirm with . or Enter, or press ? or * to list all spells.
Aiming: Searing Ray (safe; 1% risk of failure)
Press: ? - help, Shift-Dir - straight line, f - Ijyb
Aim: Ijyb, wielding a +0 dagger, wearing a +0 leather armour and carrying a wand of mindburst (8) (lightly wounded, 77% to hit)
The searing ray hits Ijyb.
Ijyb is moderately wounded. (Press . to maintain the ray.) Ijyb zaps a wand.
Your mind is blasted!
Ouch! That really hurt!
You die...

###.#.#.##########
+.....#.#^........
###.###.#.#######. .
#................. ..
#.#....>..........
...
#.#####+#.........
....
#.##...........###
...g.
#.##...........#
#...<#@##...........#
#.g....###......####
+......# #......#
#......# #......#
#......# #......#
#......# ##+#####
#......# #......#
#......#


You could see Ijyb.

Vanquished Creatures
  Sigmund (D:2)
  Robin (D:2)
  A gnoll (D:1)
  An adder (D:2)
  4 endoplasms
  A giant cockroach (D:1)
  16 goblins
  9 hobgoblins
  12 jackals
  3 quokkas
  4 ball pythons
  A bat (D:3)
  5 frilled lizards
  7 kobolds
  5 rats
71 creatures vanquished.

Vanquished Creatures (others)
  2 demonic plants (D:1)
2 creatures vanquished.

Grand Total: 73 creatures vanquished

Notes
Turn   | Place    | Note
-------+----------+-------------------------------------------
     0 | D:1      | sasquatch the Deep Elf Conjurer began the quest for the
                  | Orb.
     0 | D:1      | Reached XP level 1. HP: 10/10 MP: 6/6
   202 | D:1      | Reached XP level 2. HP: 10/15 MP: 4/8
   312 | D:1      | Learned a level 2 spell: Searing Ray
   422 | D:1      | Reached skill level 5 in Conjurations
   533 | D:1      | Reached XP level 3. HP: 19/19 MP: 7/10
   591 | D:1      | Found a faded altar of an unknown god.
   591 | D:1      | Noticed a soul eater
  1355 | D:2      | Learned a level 3 spell: Dazzling Flash
  1396 | D:2      | Noticed Sigmund
  1813 | D:2      | Reached XP level 4. HP: 24/24 MP: 8/12
  2173 | D:2      | Noticed Robin
  2181 | D:2      | Killed Robin
  2324 | D:2      | Reached skill level 6 in Conjurations
  2371 | D:2      | Killed Sigmund
  2372 | D:2      | Reached skill level 5 in Spellcasting
  2372 | D:2      | Reached skill level 7 in Conjurations
  2372 | D:2      | Reached XP level 5. HP: 24/28 MP: 5/14
  2490 | D:2      | Learned a level 4 spell: Fulminant Prism
  2495 | D:2      | Learned a level 4 spell: Iskenderun's Mystic Blast
  2570 | D:3      | Found a blossoming altar of Fedhas.
  2571 | D:3      | Noticed a necrophage
  2573 | D:3      | Found a transporter.
  2573 | D:3      | Noticed a phantom
  2584 | D:3      | Found a transporter.
  2600 | D:3      | Got the Reference Book on Combat Magic
  2792 | D:3      | Noticed Ijyb
  2801 | D:3      | Blown up by Ijyb

Illustrated notes

Levels and vault maps discovered:
D:1:      evilmike_arrival_fibonacci_small, layout_loops_ring,
          dreamdust_ecumenical_altar_sealed_demon
D:2:      layout_basic, uniq_sigmund, uniq_robin
D:3:      layout_basic, grunt_temple_overflow_holy_war,
          gammafunk_temple_overflow_arena, uniq_jessica, uniq_ijyb

Skill      XL: |  1  2  3  4 |
---------------+-------------+-----
Conjurations   | 5 7 |  7.0
Spellcasting   | 4 5 |  5.3
Dodging        | |  2.4
Stealth        | |  2.4

Action                   |  1- 3 |  4- 6 || total
-------------------------+-------+-------++-------
 Cast: Magic Dart        |    89 |    35 ||   124
       Searing Ray       |     1 |     5 ||     6
Armor: Robe              |     1 |       ||     1
Dodge: Dodged            |     1 |     6 ||     7
